 Dungeon Crawl Stone Soup version 0.31-a0-8-gd14b0f4ee2 (webtiles) character file.

Game seed: 5754700862932863316

174227 gruber the Lord of Darkness (level 17, -3/192 (199) HPs)
             Began as a Demonspawn Ice Elementalist on May 6, 2023.
             Was the Champion of Kikubaaqudgha.
             Slain by a golden dragon simulacrum (4 damage)
             ... in an ice cave.
             The game lasted 01:15:33 (30412 turns).

gruber the Lord of Darkness (DsIE)                 Turns: 30412, Time: 01:15:34

HP:   -3/192 (199)  AC: 24    Str: 13    XL:     17   Next: 44%
MP:   21/31         EV: 16    Int: 24    God:    Kikubaaqudgha [******]
Gold: 2596          SH:  8    Dex: 20    Spells: 12/36 levels left

rFire   + . .        V - +6 demon blade (elec)
rCold   + + .        w - +2 buckler
rNeg    . . .        q - +1 troll leather armour {Snorg}
rPois   +            k - +2 hat
rElec   .            U - scarf {rC+ rF+}
rCorr   .            W - +1 pair of gloves of Yquogag {Will+ Str+4 Dex+6 Stlth-}
SInv    +            f - +0 pair of boots
Will    ++...        Q - amulet of magic regeneration Stlth
                     A - ring of see invisible
HPRegen 1.32/turn    z - ring of protection from cold
MPRegen 0.62/turn

%: no passive effects
@: berserking, ice-armoured, freezing walls, slowed, studying Staves, lightly
drained
A: slimy green scales 3, foul stench 1, demonic magic 2, weakness stinger 2
a: Renounce Religion, Unearth Wretches, Torment, Brand Weapon With Pain, Receive
Forbidden Knowledge


You were in an ice cave.
You worshipped Kikubaaqudgha.
Kikubaaqudgha was exalted by your worship.
You visited 6 branches of the dungeon, and saw 28 of its levels.
You also visited: Sewer, Bailey and Ice Cave.

You collected 2824 gold pieces.
You spent 228 gold pieces at shops.

Inventory:

Hand Weapons
 d - a +2 dagger of electrocution
 V - a +6 demon blade of electrocution (weapon)
Missiles
 u - 50 poisoned darts
 K - 4 throwing nets
Armour
 f - a +0 pair of boots (worn)
 k - a +2 hat (worn)
 q - a +1 troll leather armour (worn) {Snorg}
 w - a +2 buckler (worn)
 U - a scarf of resistance (worn)
 W - the +1 pair of gloves of Yquogag (worn) {Will+ Str+4 Dex+6 Stlth-}
   (You found it on level 12 of the Dungeon)

   Str:       It affects your strength (+4).
   Dex:       It affects your dexterity (+6).
   Will:      It increases your willpower.
   Stlth:     It makes you less stealthy.
Magical Staves
 n - a staff of conjuration
Jewellery
 t - a ring of protection from fire
 z - a ring of protection from cold (right hand)
 A - a ring of see invisible (left hand)
 L - a ring of positive energy
 Q - an amulet of magic regeneration (around neck)
 X - a ring of protection from fire
 Z - a ring of willpower
Wands
 h - a wand of flame (24)
 l - a wand of acid (3)
 x - a wand of polymorph (17)
 y - a wand of digging (2)
 B - a wand of iceblast (22)
 E - a wand of paralysis (14)
 O - a wand of mindburst (9)
Scrolls
 e - 5 scrolls of blinking {unknown}
 j - 7 scrolls of enchant armour {unknown}
 m - 4 scrolls of fog {unknown}
 o - 3 scrolls of immolation
 r - 2 scrolls of noise {unknown}
 s - 5 scrolls of magic mapping
 C - a scroll of poison
 D - a scroll of acquirement {unknown}
 G - 12 scrolls of teleportation
 H - a scroll of silence {unknown}
 I - 6 scrolls of enchant weapon {unknown}
 P - 4 scrolls of fear
 T - a scroll of vulnerability
 Y - a scroll of amnesia
Potions
 a - a potion of resistance {unknown}
 b - 2 potions of magic
 c - 3 potions of might
 g - 2 potions of berserk rage
 i - 6 potions of flight
 p - 5 potions of heal wounds
 v - 18 potions of curing
 F - 9 potions of haste
 M - 7 potions of attraction
 N - 3 potions of brilliance
 R - 3 potions of invisibility
 S - 2 potions of ambrosia
Miscellaneous
 J - a phantom mirror


   Skills:
 - Level 12.0 Fighting
 - Level 3.2(5.2) Short Blades
 * Level 6.2(6.6) Long Blades
 - Level 7.0 Armour
 - Level 8.0 Dodging
 - Level 7.3 Stealth
 - Level 5.0 Shields
 - Level 10.0 Spellcasting
 - Level 17.0 Necromancy
 - Level 14.0 Ice Magic
 - Level 7.3 Earth Magic


You had 12 spell levels left.
You knew the following spells:

 Your Spells              Type           Power      Damage    Failure   Level
a - Freeze                Ice            100%       1d10      1%          1
b - Frozen Ramparts       Ice            100%       1d16      1%          3
c - Ozocubu's Armour      Ice            68%        N/A       1%          3
d - Sublimation of Blood  Necr           76%        N/A       0%          2
e - Dispel Undead         Necr           76%        3d25      1%          4
f - Borgnjor's Vile Clut  Necr/Erth      31%        N/A       1%          5
g - Simulacrum            Ice/Necr       36%        N/A       2%          6

Your spell library contained the following spells:

 Spells                   Type           Power      Damage    Failure   Level
 Necrotise                Necr           100%       1d9       0%          1
 Kiss of Death            Conj/Necr      100%       2d13      1%          1
 Vampiric Draining        Necr           76%        2d11      1%          3
 Agony                    Necr           76%        N/A       1%          5
 Summon Ice Beast         Ice/Summ       45%        N/A       4%          4
 Summon Small Mammal      Summ           48%        N/A       9%          1
 Blink                    Tloc           24%        N/A       13%         2
 Lesser Beckoning         Tloc           24%        N/A       13%         2
 Momentum Strike          Conj/Tloc      24%        3d8       13%         2
 Scorch                   Fire           24%        2d6       13%         2
 Call Canine Familiar     Summ           12%        N/A       26%         3
 Summon Guardian Golem    Hex/Summ       12%        N/A       26%         3
 Tukima's Dance           Hex            12%        N/A       26%         3
 Vhi's Electric Charge    Tloc/Air       24%        N/A       26%         3
 Flame Wave               Conj/Fire      12%        2d6       63%         4
 Passage of Golubria      Tloc           12%        N/A       63%         4
 Arcjolt                  Conj/Air       6%         1d16      93%         5
 Yara's Violent Unravell  Hex/Tmut       6%         3d5       93%         5
 Summon Cactus Giant      Summ           6%         N/A       100%        6
 Maxwell's Capacitive Co  Air            6%         ∞         100%        8


Dungeon Overview and Level Annotations

Branches:
Dungeon (15/15)            Temple (1/1) D:4            Lair (5/5) D:10
 Shoals (4/4) Lair:2       Spider (1/4) Lair:2        Slime (0/5) Lair:5
    Orc (2/2) D:11            Elf (0/3) Orc:2        Vaults (0/5) D:13
 Depths (0/4) D:15          Sewer (visited)          Bailey (visited)
  IceCv (1/1)

Altars:
Ashenzari
Cheibriados
Dithmenos
Fedhas
Gozag
Hepliaklqana
Kikubaaqudgha
Makhleb
Nemelex Xobeh
Okawaru
Qazlal
Ru
Sif Muna
Trog
Uskayaw
Vehumet
Wu Jian
Xom
Yredelemnul
Jiyva

Shops:
D:3 :   D:6 (   Orc:2 ([*!!   Shoals:1 *[   Shoals:3 [

Portals:
Trove: D:14 (give +6 demon trident)

Annotations:
D:7 2 transporters, funkygono's ghost, novice MiFi
D:15 1 runed translucent door, decrepitude's ghost, adept MiBe
Lair:3 3 runed translucent doors, CoolSool's ghost, journeyman TrFi
Shoals:1 3 runed translucent doors, exclusion: obsidian statue, Xig Suan's ghost, adept DECj
Shoals:3 1 runed translucent door, PostNTower's ghost, adept DsHu IceCv exclusion: obsidian statue


Innate Abilities, Weirdness & Mutations

You are completely covered in slimy green scales. (AC +4, rPois)
You may rarely emit foul miasma when damaged in melee.
Spells you cast may paralyse nearby enemies.
You have a tail ending in a sharp stinger.


Message History

The wall freezes the golden dragon simulacrum but does no damage.
The golden dragon simulacrum misses you.
The golden dragon simulacrum closely misses you.
The golden dragon simulacrum tramples you but does no damage.
Unknown command.
Unknown command.
Unknown command.
Unknown command.
You slice the golden dragon simulacrum!!
You tail-slap the golden dragon simulacrum.
The golden dragon simulacrum is heavily damaged.
The wall freezes the freezing wraith but does no damage.
The freezing wraith misses you.
The freezing wraith hits you but does no damage.
The wall freezes the freezing wraith but does no damage.
The freezing wraith closely misses you. x2
Unknown command.
Unknown command.
Unknown command.
You hit the golden dragon simulacrum.
You tail-slap the golden dragon simulacrum.
The golden dragon simulacrum is heavily damaged.
The freezing wraith completely resists.
The wall freezes the freezing wraith but does no damage.
The freezing wraith completely misses you.
The freezing wraith misses you.
The wall freezes the freezing wraith but does no damage.
You block the freezing wraith's attack. The freezing wraith hits you.
* * * LOW HITPOINT WARNING * * *
The golden dragon simulacrum completely resists.
The wall freezes the golden dragon simulacrum but does no damage.
The golden dragon simulacrum misses you.
The golden dragon simulacrum claws you.
* * * LOW HITPOINT WARNING * * *
The golden dragon simulacrum freezes you!
You resist.
* * * LOW HITPOINT WARNING * * *
The golden dragon simulacrum tramples you.
You die...
Kikubaaqudgha rasps: "You have failed me!
Welcome... death!"

##...## #..##
#......####..#
##...####.##
##......# ##.#
##...##..#
##..#8..## #..#
##..#..####..###..#
#..# #.....# #..##
#=[# ##.## ##...##
##..###### #..#
##### ###..## ##.##
##.##..# #..##
##...#@W# ##..#
#....#WZ# ##.##
..W...#.).## #..##
..n.. #..## ##..#


WWZZ #### #..## ..W ##.## _. #..# . #......## #.8....# You could see 2 freezing
wraiths and a golden dragon simulacrum.

Vanquished Creatures
  Mara (Shoals:4)
  Jorgrun (D:12)
  Polyphemus (Shoals:2)
  An orc warlord (Orc:2)
  An ironbound preserver (D:13)
  Nessos (D:12)
  Snorg (D:13)
  3 merfolk impalers
  3 merfolk javelineers
  Josephine (D:10)
  A fire dragon (D:15)
  A rakshasa (D:15)
  An ogre mage (D:13)
  An ice dragon (Shoals:4)
  6 hydras
  A caustic shrike simulacrum (IceCv)
  2 merfolk avatars
  4 centaur warriors
  3 catoblepae
  An alligator snapping turtle (Shoals:2)
  2 merfolk aquamancers
  13 two-headed ogres
  2 boulder beetles
  A satyr (Shoals:3)
  4 tengu warriors (D:15)
  2 death yaks (Shoals:2)
  3 orc high priests (Orc:2)
  5 skysharks
  Nergalle (D:12)
  3 skeletal warriors (D:13)
  7 sea snakes
  A sea snake (shapeshifter) (D:15)
  2 bog bodies (IceCv)
  A spriggan simulacrum (IceCv)
  A harpy (shapeshifter) (D:14)
  4 deep elf pyromancers
  Pikel (D:7)
  4 harpies
  A lindwurm (Lair:4)
  A necromancer (IceCv)
  A wolf spider zombie (D:13)
  10 manticores
  3 orc knights
  16 ugly things
  3 orc sorcerers
  2 wolf spiders (Lair:5)
  7 cyclopes
  9 fauns
  An oklob plant (Lair:4)
  8 black mambas
  8 merfolk sirens
  A guardian serpent (Lair:5)
  3 centaur zombies (D:13)
  8 water nymphs
  A naga mage (D:15)
  2 torpor snails
  A gargoyle (Bailey)
  17 cane toads
  Psyche (D:10)
  An unseen horror (D:12)
  Maggie (D:7)
  12 freezing wraiths
  3 anaconda simulacra (IceCv)
  2 ice devils (IceCv)
  A guardian mummy (D:14)
  13 komodo dragons
  A meliai (Lair:2)
  3 wind drakes
  11 trolls
  5 polar bears
  11 merfolk
  8 blink frogs
  3 dream sheep (Shoals:2)
  2 hornets (Lair:5)
  2 snapping turtles (Shoals:1)
  2 meliai zombies (D:13)
  A jumping spider (Lair:2)
  12 wraiths
  3 dire elephant simulacra (IceCv)
  5 shadows
  4 slime creatures
  8 vampires
  6 water elementals
  A yak (shapeshifter) (D:14)
  A human (D:13)
  14 wyverns
  A hog (D:13)
  4 basilisks
  50 yaks
  7 vampire mosquitoes
  2 steam dragons (D:8)
  A redback (Lair:5)
  A warg (Orc:2)
  2 minotaur simulacra (IceCv)
  An acid dragon (D:10)
  A hydra simulacrum (IceCv)
  21 water moccasins
  29 orc warriors
  3 ice beasts
  3 alligator simulacra (IceCv)
  A hornet zombie (D:13)
  3 sky beasts
  3 black bears
  13 ogres
  5 boggarts (D:14)
  20 wolves
  A phantom (D:4)
  An ettin simulacrum (IceCv)
  16 centaurs
  5 kobold brigands
  A deep troll simulacrum (IceCv)
  9 bullfrogs
  6 scorpions
  8 wights (D:7)
  A troll zombie (D:11)
  3 lindwurm simulacra (IceCv)
  11 killer bees
  2 electric eels (D:10)
  7 vampire bats (Bailey)
  A howler monkey (D:13)
  5 wolf zombies (Bailey)
  12 hounds
  2 jellies
  9 orc priests
  2 gnoll boudas
  A boggart zombie (D:13)
  3 iguanas
  24 orc wizards
  7 hell rats (Lair:4)
  7 ogre zombies (D:11)
  11 adders
  20 gnolls
  A river rat (Sewer)
  4 shadow imps
  5 white imps
  2 dart slugs
  76 orcs
  10 endoplasms
  3 giant cockroaches
  9 goblins
  8 hobgoblins
  3 jackals (Sewer)
  21 kobolds
  5 quokkas
  10 ball pythons
  4 bats
  3 frilled lizards
  3 goblin skeletons (D:11)
  5 goblin zombies (D:11)
  A hobgoblin skeleton (D:11)
  2 hobgoblin zombies (D:11)
  2 orc skeletons (D:11)
  32 orc zombies
  14 rats
901 creatures vanquished.

Vanquished Creatures (collateral kills)
  A merfolk javelineer (Shoals:4)
  A death yak (Shoals:2)
  A skyshark (Shoals:3)
  3 sea snakes
  4 fauns (Shoals:3)
  A cyclops (Shoals:2)
  4 manticores
  3 merfolk sirens
  2 water nymphs
  13 merfolk
  A wind drake (Shoals:2)
  4 snapping turtles
38 creatures vanquished.

Vanquished Creatures (others)
  Ilsuiw (Shoals:4)
  3 slime creatures (D:15)
  A kobold (D:10)
  30 fungi
  106 plants
  2 withered plants (D:13)
143 creatures vanquished.

Grand Total: 1082 creatures vanquished

Notes
Turn   | Place    | Note
-------+----------+-------------------------------------------
     0 | D:1      | gruber the Demonspawn Ice Elementalist began the quest for
                  | the Orb.
     0 | D:1      | Reached XP level 1. HP: 13/13 MP: 3/3
   197 | D:1      | Gained mutation: Spells you cast may paralyse adjacent
                  | enemies. [demonic ancestry]
   197 | D:1      | Reached XP level 2. HP: 19/19 MP: 0/5
   329 | D:1      | You fall into a shaft and drop 1 floor!
   457 | D:2      | Gained mutation: You are partially covered in slimy green
                  | scales. (AC +2) [demonic ancestry]
   457 | D:2      | Reached XP level 3. HP: 18/24 MP: 0/6
   677 | D:2      | Learned a level 3 spell: Frozen Ramparts
   681 | D:2      | Learned a level 3 spell: Ozocubu's Armour
  1611 | D:1      | Reached XP level 4. HP: 30/30 MP: 8/8
  2229 | D:3      | Reached skill level 5 in Ice Magic
  2273 | D:3      | Gained mutation: You are mostly covered in slimy green
                  | scales. (AC +3) [demonic ancestry]
  2273 | D:3      | Reached XP level 5. HP: 27/35 MP: 10/10
  2760 | D:3      | Found Utzipn's Book Shoppe.
  3141 | D:4      | Noticed a phantom
  3164 | D:4      | Killed a phantom
  3165 | D:4      | Reached XP level 6. HP: 28/41 MP: 11/12
  3192 | D:4      | Found an opulent altar of Gozag.
  3399 | D:4      | HP: 1/41 [white imp (5)]
  3691 | D:4      | Found a staircase to the Ecumenical Temple.
  3699 | Temple   | Entered the Ecumenical Temple
  3699 | Temple   | Found a transporter.
  3699 | Temple   | Found a transporter.
  3701 | Temple   | Found a transporter.
  3701 | Temple   | Found a transporter.
  3869 | D:4      | Reached XP level 7. HP: 5/46 MP: 6/13
  4374 | D:5      | Entered Level 5 of the Dungeon
  4375 | D:5      | Found a glowing drain.
  4400 | Sewer    | Entered a sewer
  5010 | D:5      | Reached XP level 8. HP: 52/52 MP: 14/14
  5132 | D:5      | Found a sparkling altar of Nemelex Xobeh.
  5132 | D:5      | Found an iron altar of Okawaru.
  5240 | D:5      | Reached skill level 5 in Stealth
  5766 | D:6      | Found Zeffezum's Weapon Shop.
  6268 | D:6      | Reached skill level 1 in Fighting
  6272 | D:6      | Gained mutation: You are completely covered in slimy green
                  | scales. (AC +4, rPois) [demonic ancestry]
  6272 | D:6      | Reached XP level 9. HP: 61/61 MP: 15/15
  6481 | D:6      | Found a stormy altar of Qazlal.
  6600 | D:7      | Noticed Pikel
  6611 | D:7      | Killed Pikel
  6873 | D:7      | Reached skill level 1 in Shields
  6951 | D:7      | Found a shadowy altar of Dithmenos.
  6965 | D:7      | Reached skill level 1 in Armour
  7029 | D:7      | Found a transporter.
  7029 | D:7      | Found a transporter.
  7098 | D:7      | Identified the amulet "Etwakupp" {RegenMP Rampage Str+6
                  | Int+2 Stlth-}
  7110 | D:7      | Noticed funkygono's ghost (novice MiFi)
  7144 | D:7      | Identified the +1 buckler "Foefre" {rF- rC+ Will++}
  7172 | D:7      | Noticed Maggie
  7178 | D:7      | Killed Maggie
  7262 | D:7      | Gained mutation: You have a small tail. [demonic ancestry]
  7262 | D:7      | Reached XP level 10. HP: 78/79 MP: 9/16
  8063 | D:8      | Noticed a two-headed ogre
  8071 | D:8      | Killed a two-headed ogre
  8163 | D:9      | Noticed a two-headed ogre
  8412 | D:9      | Killed a two-headed ogre
  8517 | D:9      | Found a burning altar of Makhleb.
  8544 | D:9      | Reached skill level 5 in Dodging
  8768 | D:9      | Found a shimmering blue altar of Sif Muna.
  9138 | D:10     | Entered Level 10 of the Dungeon
  9182 | D:10     | Found an ancient bone altar of Kikubaaqudgha.
  9193 | D:10     | Became a worshipper of Kikubaaqudgha
  9202 | D:10     | Found a broken altar of Ashenzari.
  9243 | D:10     | Reached skill level 5 in Armour
  9243 | D:10     | Reached skill level 5 in Shields
  9308 | D:10     | Reached skill level 1 in Necromancy
  9485 | D:10     | Found a flagged portal.
  9491 | D:10     | Noticed Psyche
  9503 | D:10     | Killed Psyche
  9504 | D:10     | Reached skill level 2 in Necromancy
  9523 | Bailey   | Entered a bailey
  9667 | Bailey   | Reached skill level 3 in Necromancy
  9787 | Bailey   | Reached XP level 11. HP: 83/84 MP: 13/17
  9789 | Bailey   | Reached * piety under Kikubaaqudgha
  9789 | Bailey   | Received a gift from Kikubaaqudgha
  9796 | Bailey   | Learned a level 2 spell: Sublimation of Blood
  9885 | Bailey   | Reached skill level 4 in Necromancy
 10179 | D:10     | Reached skill level 5 in Necromancy
 10294 | D:10     | Found a staircase to the Lair.
 10327 | D:10     | Reached skill level 6 in Necromancy
 10360 | D:10     | Noticed Josephine
 10375 | D:10     | Killed Josephine
 10379 | D:10     | Reached skill level 7 in Necromancy
 10574 | D:10     | Reached skill level 8 in Necromancy
 10579 | D:10     | Reached ** piety under Kikubaaqudgha
 11477 | D:11     | Reached skill level 9 in Necromancy
 11539 | D:11     | Noticed a two-headed ogre
 11548 | D:11     | Killed a two-headed ogre
 11889 | D:11     | Found a staircase to the Orcish Mines.
 11971 | D:11     | Reached skill level 10 in Necromancy
 12112 | D:11     | Noticed a boulder beetle
 12124 | D:11     | Killed a boulder beetle
 12125 | D:11     | Reached skill level 5 in Spellcasting
 12382 | D:11     | Noticed a two-headed ogre
 12397 | D:11     | Killed a two-headed ogre
 12736 | D:11     | Reached *** piety under Kikubaaqudgha
 12736 | D:11     | Received a gift from Kikubaaqudgha
 12742 | D:11     | Learned a level 4 spell: Dispel Undead
 12748 | D:11     | Learned a level 5 spell: Borgnjor's Vile Clutch
 12962 | D:11     | Reached XP level 12. HP: 80/91 MP: 15/21
 13150 | D:12     | Noticed Jorgrun
 13208 | Lair:1   | Entered Level 1 of the Lair of Beasts
 13297 | Lair:1   | Reached skill level 11 in Necromancy
 13659 | Lair:1   | Reached skill level 12 in Necromancy
 14116 | Lair:2   | Noticed a seven-headed hydra
 14130 | Lair:2   | Killed a seven-headed hydra
 14131 | Lair:2   | Reached skill level 13 in Necromancy
 14173 | Lair:2   | Reached **** piety under Kikubaaqudgha
 14230 | Lair:2   | Reached skill level 14 in Necromancy
 14249 | Lair:2   | Reached skill level 1 in Short Blades
 14313 | Lair:2   | Found a hole to the Spider Nest.
 14516 | Lair:2   | Noticed a four-headed hydra
 14539 | Lair:2   | Killed a four-headed hydra
 14540 | Lair:2   | Reached skill level 1 in Earth Magic
 14882 | Lair:2   | Found a staircase to the Shoals.
 14993 | Lair:3   | Reached XP level 13. HP: 83/96 MP: 19/22
 15033 | Lair:3   | Gained mutation: You may rarely emit foul miasma when
                  | damaged in melee. [demonic ancestry]
 15033 | Lair:3   | Reached XP level 14. HP: 103/103 MP: 23/23
 15067 | Lair:3   | Found a runed translucent gate.
 15067 | Lair:3   | Found a runed translucent gate.
 15067 | Lair:3   | Found a runed translucent gate.
 15067 | Lair:3   | Noticed CoolSool's ghost (journeyman TrFi)
 15229 | Lair:3   | Identified the amulet of Curiosity {Reflect Will- Str+4
                  | SH+5}
 16562 | Lair:4   | Reached ***** piety under Kikubaaqudgha
 16886 | Lair:5   | Entered Level 5 of the Lair of Beasts
 16952 | Lair:5   | HP: 5/103 [six-headed hydra (3)]
 17306 | Lair:5   | Reached skill level 10 in Spellcasting
 17941 | Lair:5   | Reached skill level 15 in Necromancy
 18806 | Lair:5   | Found a viscous altar of Jiyva.
 18806 | Lair:5   | Found a staircase to the Slime Pits.
 18850 | Lair:5   | Reached skill level 16 in Necromancy
 19184 | Orc:1    | Entered Level 1 of the Orcish Mines
 19206 | Orc:1    | Paralysed by an orc sorcerer for 2 turns
 19744 | Orc:2    | Entered Level 2 of the Orcish Mines
 19756 | Orc:2    | Reached ****** piety under Kikubaaqudgha
 19768 | Orc:2    | Gained mutation: Spells you cast may paralyse nearby
                  | enemies. [demonic ancestry]
 19768 | Orc:2    | Reached XP level 15. HP: 59/108 MP: 15/29
 19959 | Orc:2    | Found Pykuollefo's Distillery.
 20155 | Orc:2    | Found Jifenaci's Distillery.
 20253 | Orc:2    | Found a staircase to the Elven Halls.
 20421 | Orc:2    | Reached skill level 17 in Necromancy
 21398 | Orc:2    | Found Saiciale's General Store.
 21403 | Orc:2    | Bought a scroll of teleportation for 36 gold pieces
 21465 | Orc:2    | Found Dattengapi's Antique Weapon Shoppe.
 21472 | Orc:2    | Found Sestryze's Antique Armour Emporium.
 21651 | D:12     | Identified the +1 pair of gloves of Yquogag {Will+ Str+4
                  | Dex+6 Stlth-}
 21701 | D:12     | Killed Jorgrun
 21705 | D:12     | Noticed Nergalle
 21930 | D:12     | Killed Nergalle
 21951 | D:12     | Noticed Nessos
 22827 | D:12     | Killed Nessos
 23125 | D:12     | Identified the +5 trident of Fate {spect, rC- rCorr Int+6}
 23432 | D:13     | Found a gate to the Vaults.
 23906 | D:13     | Noticed Snorg
 23922 | D:13     | Reached skill level 10 in Ice Magic
 24075 | D:13     | Killed Snorg
 25150 | D:14     | Identified the +2 robe of the Thinker {rElec}
 25411 | D:14     | Found a portal to a secret trove of treasure.
 25614 | D:15     | Entered Level 15 of the Dungeon
 25658 | D:15     | Gained mutation: You have a tail ending in a sharp stinger.
                  | [demonic ancestry]
 25658 | D:15     | Reached XP level 16. HP: 115/115 MP: 15/30
 26146 | D:15     | Found a staircase to the Depths.
 26154 | D:15     | Learned a level 6 spell: Simulacrum
 26452 | D:15     | Found a runed translucent door.
 26453 | D:15     | Noticed decrepitude's ghost (adept MiBe)
 26621 | Spider:1 | Entered Level 1 of the Spider Nest
 26688 | Shoals:1 | Entered Level 1 of the Shoals
 26888 | Shoals:1 | Found Ontext's Armour Boutique.
 26898 | Shoals:1 | Found a runed translucent gate.
 26899 | Shoals:1 | Found a runed translucent gate.
 26899 | Shoals:1 | Found an opulent altar of Gozag.
 26900 | Shoals:1 | Found a runed translucent gate.
 26902 | Shoals:1 | Noticed Xig Suan's ghost (adept DECj)
 26904 | Shoals:1 | Found Xywiej's Assorted Antiques.
 27659 | Shoals:2 | Noticed Polyphemus
 27665 | Shoals:2 | Killed Polyphemus
 28083 | Shoals:2 | Reached skill level 10 in Fighting
 28560 | Shoals:3 | Found a runed translucent door.
 28562 | Shoals:3 | Found a shimmering altar of Xom.
 28562 | Shoals:3 | Noticed PostNTower's ghost (adept DsHu)
 28939 | Shoals:3 | Reached XP level 17. HP: 129/133 MP: 21/31
 28987 | Shoals:3 | Found Xubilab's Antique Armour Emporium.
 29066 | Shoals:3 | Bought a runed scarf for 192 gold pieces
 29251 | Shoals:4 | Entered Level 4 of the Shoals
 29339 | Shoals:4 | Noticed Mara
 29352 | Shoals:4 | Killed Mara
 29400 | Shoals:4 | Reached skill level 1 in Long Blades
 29501 | Shoals:4 | Noticed Ilsuiw
 29532 | Shoals:4 | Killed Ilsuiw
 29770 | Shoals:4 | Found a frozen archway.
 29797 | IceCv    | Entered an ice cave
 29935 | IceCv    | Reached skill level 5 in Long Blades
 30265 | IceCv    | Found an ancient bone altar of Kikubaaqudgha.
 30412 | IceCv    | HP: 1/192 [golden dragon simulacrum (16)]
 30412 | IceCv    | Slain by a golden dragon simulacrum

Illustrated notes

Levels and vault maps discovered:
D:1:      dpeg_arrival_subterranean_lakeside_camping, layout_basic
D:2:      layout_rooms, nicolae_grassy_gnolls
D:3:      layout_loops_ring, mainiacjoe_overflow_concentric_impassable,
          serial_shops, shop, amethyst_killhole, minmay_misc_feat_pillars
D:4:      layout_loops_ring, nicolae_gozag_cash_rules_everything_around_me,
          minmay_temple_entry_mist, minmay_manual_mullet
D:5:      layout_gridville, jmf_multi_god_temple, portal_sewer_entry_a,
          due_unseen_surprise
D:6:      layout_rooms, mainiacjoe_overflow_catwalk, serial_shops, shop,
          minivault_11, grunt_ministairs_1, minmay_misc_feat_nine_boxes,
          minivault_14
D:7:      layout_basic, old_standard_altar, gammafunk_ghost_gnarly_gnolls,
          uniq_pikel, uniq_maggie
D:8:      layout_basic
D:9:      layout_loops_ring, hangedman_feature_mirror, minmay_statues_item
D:10:     layout_small_grid, minmay_overflow_temple_star_quad, erik_lair_island,
          enter_bailey_2, grunt_ministairs_10, solitary_fountain,
          minmay_misc_feat_rows, uniq_psyche, uniq_josephine
D:11:     layout_stronghold, zombieorc2_lemuel
D:12:     layout_small_grid, uniq_nergalle, uniq_nessos, uniq_jorgrun
D:13:     layout_irregular_city, skrybe_vaults_entry_preservation,
          serial_undead, serial_undead_a, serial_undead_b, serial_undead_e,
          serial_undead_a, minmay_curled_crystal, eino_curves_01,
          grunt_livestock, uniq_snorg
D:14:     layout_loops_ring, nicolae_trove_entry_path_of_doom
D:15:     hangedman_depths_entry_try_elsewhere_first, layout_cave_pools,
          ebering_ghost_inner_flame
Temple:   hellmonk_temple_divided_pantheon
Lair:1:   layout_regular_city, minivault_26, beast_lair_carwin_4
Lair:2:   layout_roguey, shoals_dummy_entry, hellmonk_spider_entry_not_the_bees,
          cheibrodos_lair_lostbears
Lair:3:   layout_cave_pods, gammafunk_ghost_necromancy, serial_bayou_pond_e
Lair:4:   layout_misc_corridors, infiniplex_staircase_pool
Lair:5:   hangedman_lair_tendril_chambers, layout_gridlike,
          dpeg_slime_entry_enclosed
Shoals:1: layout_shoals, serial_shops, shop, ebering_ghost_gozag
Shoals:2: layout_shoals, uniq_polyphemus
Shoals:3: layout_shoals, serial_shops, nicolae_shop_advertising_works
          [nicolae_subvault_shop_adworks], ebering_ghost_xom
Shoals:4: shoals_end_grunt_ice, layout_shoals, shoals_ilsuiw_ice,
          portal_ice_cave_entry_dragon, nicolae_shop_overcharged_wands,
          uniq_donald, uniq_kirke, uniq_mara
Spider:1: layout_spider_delve, uniq_nikola
Orc:1:    layout_caves
Orc:2:    grunt_orc_community_town_hall, layout_caves,
          grunt_orc_community_big_house_2, grunt_orc_community_big_house_2,
          grunt_orc_community_house_1, grunt_orc_community_house_1,
          grunt_orc_community_house_3, grunt_orc_community_house_1,
          serial_shops, shop, bh_open_orc_temple
IceCv:    ice_cave_small_necro

Skill      XL: |  1  2  3  4  5  6  7  8  9 10 11 12 13 14 15 16 17 |
---------------+----------------------------------------------------+-----
Ice Magic      | 4 5 7 8 12 14 | 14.0
Spellcasting   | 3 4 6 10 | 10.0
Stealth        | 3 7 |  7.3
Fighting       | 1 7 11 12 | 12.0
Dodging        | 3 5 7 8 |  8.0
Shields        | 2 5 |  5.0
Armour         | 2 5 7 |  7.0
Necromancy     | 3 10 14 16 17 | 17.0
Short Blades   | 3 |  3.2
Earth Magic    | 3 7 |  7.3
Long Blades    | 6 |  6.2

Action                     |  1- 3 |  4- 6 |  7- 9 | 10-12 | 13-15 | 16-18 || total
---------------------------+-------+-------+-------+-------+-------+-------++-------
  Melee: Unarmed           |    26 |     2 |       |       |       |       ||    28
         Dagger            |     6 |    41 |    69 |   270 |   167 |    95 ||   648
         Punch             |       |     2 |       |       |       |       ||     2
         Tailslap          |       |       |       |    36 |    24 |    41 ||   101
         Trident           |       |       |       |       |    28 |       ||    28
         Demon blade       |       |       |       |       |       |    75 ||    75
  Throw: Dart              |       |       |     7 |    30 |     1 |       ||    38
   Cast: Freeze            |    63 |    68 |   106 |   351 |   547 |   125 ||  1260
         Frozen Ramparts   |       |    10 |    26 |    44 |    79 |    36 ||   195
         Ozocubu's Armour  |       |     1 |    14 |    34 |    52 |    40 ||   141
         Borgnjor's Vile C |       |       |       |       |    59 |    98 ||   157
         Dispel Undead     |       |       |       |       |    15 |     2 ||    17
         Simulacrum        |       |       |       |       |       |    53 ||    53
  Evoke: Wand              |       |       |       |     3 |     1 |     1 ||     5
    Use: Potion            |       |     3 |       |       |     4 |     3 ||    10
         Scroll            |       |       |       |       |    13 |     3 ||    16
   Stab: Paralysed         |     7 |    11 |    40 |   154 |   122 |    77 ||   411
         Sleeping          |       |     1 |     7 |    15 |    17 |     2 ||    42
         Distracted        |       |       |       |       |       |     1 ||     1
 Armour: Robe              |    25 |    39 |    37 |       |       |       ||   101
         Skin              |       |     2 |       |       |       |       ||     2
         Steam dragon scal |       |       |     6 |   161 |   195 |       ||   362
         Troll leather arm |       |       |       |       |    31 |   168 ||   199
  Dodge: Dodged            |    40 |    57 |    49 |   220 |   324 |   227 ||   917
  Block: Buckler           |       |       |    17 |   135 |   224 |   157 ||   533

Table legend: (Time is in decaauts)
 A = Elapsed time spent in this place.
 B = Non-inter-level travel time spent in this place.
 C = Inter-level travel time spent in this place.
 D = Time resting spent in this place.
 E = Time spent auto-exploring this place.
 F = Levels seen in this place.
 G = Mean time per level.
                   A        B        C        D        E       F      G
               +--------+--------+--------+--------+--------+-----+--------+
         Total |  30788 |  29452 |   1336 |   1519 |  21544 |  31 |  993.2 |
       Dungeon |  17275 |  16383 |    892 |   1354 |  11925 |  15 | 1151.7 |
        Temple |     42 |     34 |      8 |      0 |      7 |   1 |   42.0 |
          Lair |   5991 |   5710 |    281 |      0 |   4509 |   5 | 1198.2 |
        Shoals |   3287 |   3222 |     65 |      7 |   2289 |   4 |  821.8 |
   Spider Nest |      1 |      1 |      0 |      0 |      0 |   1 |    1.0 |
  Orcish Mines |   2366 |   2279 |     87 |      0 |   1757 |   2 | 1183.0 |
         Sewer |    534 |    534 |      0 |    134 |    253 |   1 |  534.0 |
        Bailey |    644 |    644 |      0 |     19 |    438 |   1 |  644.0 |
      Ice Cave |    643 |    643 |      0 |      5 |    365 |   1 |  643.0 |
               +--------+--------+--------+--------+--------+-----+--------+

Top non-repeatable levels by time:
  Lair:5: 2132 daAuts
    D:11: 2099 daAuts
    D:10: 1814 daAuts
   Orc:2: 1796 daAuts
    D:13: 1571 daAuts
    D:12: 1488 daAuts
     D:1: 1421 daAuts
     D:4: 1210 daAuts
     D:7: 1079 daAuts
Shoals:2: 1055 daAuts
  Lair:4: 993 daAuts
  Lair:3: 979 daAuts
     D:3: 952 daAuts
  Lair:2: 947 daAuts
  Lair:1: 938 daAuts
